 Dungeon Crawl Stone Soup version 0.30-a0-266-g2b27a225a3 (webtiles) character file.

Game seed: 16382079451043249721

18 Harunobu the Trooper (level 2, -5/19 HPs)
             Began as a Gargoyle Monk on Oct 14, 2022.
             Slain by a worm (8 damage)
             ... on level 2 of the Dungeon.
             The game lasted 00:01:45 (699 turns).

Harunobu the Trooper (Gargoyle Monk)                 Turns: 699, Time: 00:01:46

Health: -5/19      AC:  5    Str: 14    XL:     2   Next: 66%
Magic:  2/2        EV: 12    Int: 10    God:
Gold:   75         SH:  0    Dex: 12    Spells: 1/1 levels left

rFire   . . .      SeeInvis .    a - +0 mace
rCold   . . .      Faith    .    (no shield)
rNeg    + . .      Spirit   .    b - +0 robe
rPois   ∞          Reflect  .    f - +0 helmet
rElec   +          Harm     .    (no cloak)
rCorr   .          Rampage  .    (no gloves)
Will    .....                    (no boots)
Stlth   ++........               (no amulet)
HPRegen 0.23/turn                (no ring)
MPRegen 0.08/turn                (no ring)

@: no status effects
A: sickness immunity, AC +2, negative energy resistance 1, electricity
resistance, torment resistance 1, petrification resistance
a: no special abilities


You were on level 2 of the Dungeon.
You visited 1 branch of the dungeon, and saw 2 of its levels.

You collected 75 gold pieces.

Inventory:

Hand Weapons
 a - a +0 mace (weapon)
Armour
 b - a +0 robe (worn)
 f - a +0 helmet (worn)
Scrolls
 d - a scroll of amnesia {unknown}
 h - a scroll of enchant weapon {unknown}
 i - a scroll of teleportation {unknown}
 k - a scroll of summoning {unknown}
 l - a scroll of identify {unknown}
 m - a scroll of noise {unknown}
Potions
 c - a potion of ambrosia
 e - 2 potions of curing {unknown}
 g - a potion of brilliance {unknown}
 j - a potion of invisibility {unknown}
 n - a potion of resistance {unknown}


   Skills:
 + Level 3.5 Fighting
 * Level 3.4 Maces & Flails
 + Level 2.6 Dodging
 + Level 2.3 Stealth


You had one spell level left.
You didn't know any spells.
Your spell library was empty.

Dungeon Overview and Level Annotations

Branches:
Dungeon (2/15)

Altars:


Innate Abilities, Weirdness & Mutations

You are immune to sickness and miasma.
Your stone body is resilient. (AC +2)
You are immune to poison.
You resist negative energy. (rN+)
You are resistant to electric shocks. (rElec)
You are resistant to unholy torment.
You are immune to petrification.


Message History

The bat attacks as you move away! The bat hits you but does no damage. x2
The bat closely misses you. The bat attacks as you move away!
The bat barely misses you.
The orc shouts!
The bat hits you but does no damage.
You barely miss the bat. The bat closely misses you. The bat misses you.
The orc sings a few bars from the Orcish anthem.
You open the door. The bat barely misses you.
The bat hits you but does no damage.
Found a fizzy green potion.
Found 10 gold pieces.
There is an open door here.
The bat misses you. The bat attacks as you move away! The bat misses you.
The bat completely misses you. The bat barely misses you.
The bat hits you but does no damage.
You see here a fizzy green potion.
The bat hits you but does no damage.
You open the door. The bat hits you but does no damage.
There is an open door here.
The bat hits you.
You hit the orc.
The orc is lightly wounded.
The orc hits you with a +0 flail!
You barely miss the orc.
The orc is lightly wounded.
The orc misses you.
You sock the orc!
You kill the orc!
The worm bites you!
Ouch! That really hurt!
* * * LOW HITPOINT WARNING * * *
Things that are here:
a +0 flail; a +0 leather armour You thump the worm!
The worm is heavily wounded.
The worm bites you!
You die...

#...........
#...........
#...........
#.....###+##
#....w#
#..!..#
#....$#
###'######
#.w@...#
######.# ..
..# .# #


You could see a worm.

Vanquished Creatures
  An orc (D:2)
  2 endoplasms (D:1)
  2 giant cockroaches (D:1)
  2 goblins (D:1)
  A hobgoblin (D:1)
  A kobold (D:1)
  A ball python (D:1)
  3 bats (D:1)
  A frilled lizard (D:1)
  A rat (D:1)
15 creatures vanquished.

Notes
Turn   | Place    | Note
-------+----------+-------------------------------------------
     0 | D:1      | Harunobu the Gargoyle Monk began the quest for the Orb.
     0 | D:1      | Reached XP level 1. HP: 14/14 MP: 1/1
   173 | D:1      | Reached XP level 2. HP: 19/19 MP: 2/2
   699 | D:2      | Slain by a worm

Illustrated notes

Levels and vault maps discovered:
D:1:      eino_arrival_druids_welcome, layout_loops_cross
D:2:      layout_basic, basic_altar

Action                   || total
-------------------------++-------
Melee: Mace              ||    51
       Punch             ||     2
 Stab: Sleeping          ||     3
Armor: Robe              ||    32
Dodge: Dodged            ||    50

Table legend: (Time is in decaauts)
 A = Elapsed time spent in this place.
 B = Non-inter-level travel time spent in this place.
 C = Inter-level travel time spent in this place.
 D = Time resting spent in this place.
 E = Time spent auto-exploring this place.
 F = Levels seen in this place.
 G = Mean time per level.
                   A        B        C        D        E       F      G
               +--------+--------+--------+--------+--------+-----+--------+
         Total |    710 |    677 |     33 |     39 |    421 |   2 |  355.0 |
       Dungeon |    710 |    677 |     33 |     39 |    421 |   2 |  355.0 |
               +--------+--------+--------+--------+--------+-----+--------+

Top non-repeatable levels by time:
     D:1: 677 daAuts
     D:2: 32 daAuts
